 Dungeon Crawl Stone Soup version 0.24.0-123-gd5b16e6ec5 (webtiles) character file.

Game seed: 17391526534853833862, levelgen mode: deterministic

95286 FishyPogo the Blocker (level 16, -13/127 HPs)
             Began as a Gnoll Fighter on Jan 5, 2020.
             Was the Champion of the Shining One.
             Killed from afar by a deep elf knight (31 damage)
             ... with a shard of ice
             ... on level 2 of the Elven Halls on Jan 9, 2020.
             The game lasted 01:32:09 (21029 turns).

FishyPogo the Blocker (Gnoll Fighter)              Turns: 21029, Time: 01:32:11

Health: -13/127    AC: 27    Str: 25    XL:     16   Next: 13%
Magic:  30/30      EV: 14    Int: 16    God:    the Shining One [******]
Gold:   1820       SH:  0    Dex: 15    Spells: 22/35 levels left

rFire    + . .     SeeInvis +   a - +11 war axe "Longawoy" {chop, rF- Str+2 SInv}
rCold    . . .     Gourm    .   c - +2 shield
rNeg     + + +     Faith    .   S - +4 chain mail {rF+}
rPois    .         Spirit   .   s - +2 helmet {Int+3}
rElec    +         Reflect  +   H - +2 cloak {MR+}
rCorr    .         Harm     .   q - +5 pair of gloves of the Hanged Man {*Corrode rElec MR+}
MR       ++++.                  g - +0 pair of boots
Stlth    ..........             K - +5 amulet of reflection
HPRegen  0.00/turn              I - ring of protection from magic
MPRegen  0.22/turn              h - ring of protection from fire

@: confused, glowing
A: distributed training, fangs 1, deformed body, inhibited regeneration, subdued
magic 1, strong nose
a: Divine Shield, Cleansing Flame, Summon Divine Warrior, Brand Weapon With Holy
Wrath, Renounce Religion


You were on level 2 of the Elven Halls.
You worshipped the Shining One.
The Shining One was exalted by your worship.
You were not hungry.

You visited 4 branches of the dungeon, and saw 22 of its levels.
You also visited: Gauntlet and Ice Cave.

You collected 2259 gold pieces.
You spent 439 gold pieces at shops.

Inventory:

Hand Weapons
 a - the +11 war axe "Longawoy" (weapon) {chop, rF- Str+2 SInv}
   (You bought it in a shop on level 9 of the Dungeon)

   It inflicts extra damage upon your enemies.
   It affects your strength (+2).
   It makes you vulnerable to fire.
   It lets you see invisible.
 b - a +5 scimitar of flaming
 B - the +1 broad axe of Sharkskin {protect, rF++ Str+3}
   (You bought it in a shop on level 2 of the Orcish Mines)

   It grants its wielder temporary protection when it strikes (+7 to AC).
   It affects your strength (+3).
   It greatly protects you from fire.
 X - a +4 dire flail of holy wrath
Missiles
 d - 16 javelins
 v - 35 boomerangs (quivered)
 w - 3 silver boomerangs
 x - 80 poisoned darts
 y - a throwing net
Armour
 c - a +2 shield (worn)
 g - a +0 pair of boots (worn)
 o - a scarf of cloud immunity
 q - the +5 pair of gloves of the Hanged Man (worn) {*Corrode rElec MR+}
   (You acquired it on level 10 of the Dungeon)

   It insulates you from electricity.
   It affects your resistance to hostile enchantments.
   It may corrode you when you take damage.
 s - a +2 helmet of intelligence (worn)
 H - a +2 cloak of magic resistance (worn)
 N - the +6 ice dragon scales "Qaurgh" {*Contam rF- rC++ rCorr Dex+4 Stlth+}
   (You found it in an ice cave)

   It affects your dexterity (+4).
   It makes you vulnerable to fire.
   It greatly protects you from cold.
   It causes magical contamination when unequipped.
   It provides partial protection from all sources of acid and corrosion.
   It makes you more stealthy.
 S - a +4 chain mail of fire resistance (worn)
Jewellery
 h - a ring of protection from fire (right hand)
 l - an uncursed ring of flight
 I - a ring of protection from magic (left hand)
 J - an uncursed ring of protection from magic
 K - a +5 amulet of reflection (around neck)
 T - a +4 ring of dexterity
Wands
 i - a wand of scattershot (14)
 n - a wand of iceblast (25)
 z - a wand of digging (17)
 D - a wand of enslavement (13)
 L - a wand of paralysis (40)
 W - a wand of acid (13)
 Y - a wand of clouds (3)
Scrolls
 k - 6 scrolls of magic mapping
 p - 6 scrolls of remove curse
 r - 7 scrolls of identify
 A - 2 scrolls of fear
 E - 5 scrolls of teleportation
 Z - a scroll of enchant weapon
Potions
 e - 2 potions of berserk rage
 j - 5 potions of curing
 m - 3 potions of lignification
 t - 3 potions of haste
 u - a potion of magic
 G - 3 potions of flight
 P - a potion of invisibility {unknown}
 Q - 3 potions of mutation
 R - 3 potions of might
 U - a potion of resistance
 V - 6 potions of brilliance
Miscellaneous
 M - a lamp of fire
 O - a fan of gales
Comestibles
 f - 45 rations


   Skills:
 + Level 12.1 Fighting
 + Level 10.4 Short Blades
 + Level 11.3 Long Blades
 + Level 10.4 Axes
 + Level 10.4 Maces & Flails
 + Level 10.4 Polearms
 + Level 10.4 Staves
 + Level 10.4 Slings
 + Level 10.4 Bows
 + Level 10.4 Crossbows
 + Level 10.4 Throwing
 + Level 12.1 Armour
 + Level 10.4 Dodging
 + Level 10.4 Stealth
 + Level 12.1 Shields
 + Level 10.4 Unarmed Combat
 + Level 10.4 Spellcasting
 + Level 8.8 Conjurations
 + Level 8.8 Hexes
 + Level 8.8 Charms
 + Level 8.8 Summonings
 + Level 8.8 Necromancy
 + Level 8.8 Translocations
 + Level 8.8 Transmutations
 + Level 8.8 Fire Magic
 + Level 8.8 Ice Magic
 + Level 8.8 Air Magic
 + Level 8.8 Earth Magic
 + Level 8.8 Poison Magic
 + Level 11.2 Invocations
 + Level 10.4 Evocations


You had 22 spell levels left.
You knew the following spells:

 Your Spells              Type           Power        Failure   Level  Hunger
c - Mephitic Cloud        Conj/Pois/Air  ####....     3%          3    None
d - Lee's Rapid Deconstr  Erth           ####......   34%         5    #####..
k - Tukima's Dance        Hex            ####....     3%          3    None
p - Passwall              Tmut/Erth      ####....     1%          2    None

Your spell library contained the following spells:

 Spells                   Type           Power        Failure   Level  Hunger
 Animate Skeleton         Necr           N/A          1%          1    None
 Corona                   Hex            ####...      1%          1    None
 Flame Tongue             Conj/Fire      ####.        1%          1    None
 Magic Dart               Conj           ####         1%          1    None
 Pain                     Necr           ####         1%          1    None
 Sandblast                Erth           ####..       1%          1    None
 Shock                    Conj/Air       ####         1%          1    None
 Blink                    Tloc           N/A          1%          2    None
 Call Imp                 Summ           ####....     1%          2    None
 Corpse Rot               Necr           N/A          1%          2    None
 Ensorcelled Hibernation  Hex/Ice        ####..       1%          2    None
 Slow                     Hex            ####....     1%          2    None
 Throw Flame              Conj/Fire      ####..       1%          2    None
 Confuse                  Hex            ####....     3%          3    None
 Conjure Flame            Conj/Fire      ####....     3%          3    None
 Dazzling Spray           Conj/Hex       ####..       3%          3    None
 Regeneration             Chrm/Necr      ####......   3%          3    None
 Stone Arrow              Conj/Erth      ####..       3%          3    None
 Vampiric Draining        Necr           ####......   3%          3    None
 Animate Dead             Necr           N/A          13%         4    ###....
 Leda's Liquefaction      Hex/Erth       ####......   13%         4    ###....
 Petrify                  Tmut/Erth      ####....     13%         4    ###....
 Irradiate                Conj/Tmut      ####......   34%         5    #####..
 Summon Forest            Summ/Tloc      ####......   34%         5    #####..
 Hydra Form               Tmut           ####......   91%         6    ######.
 Orb of Destruction       Conj           ####......   100%        7    #######
 Summon Hydra             Summ           ####......   100%        7    #######


Dungeon Overview and Level Annotations

Branches:
Dungeon (12/15)            Temple (0/1) D:4            Lair (6/6) D:11
 Shoals (0/4) Lair:2        Snake (0/4) Lair:3        Slime (0/5) Lair:6
    Orc (2/2) D:12            Elf (2/3) Orc:2         IceCv (visited)
Gauntlet (visited)

Altars:
Dithmenos
Fedhas
Kikubaaqudgha
Nemelex Xobeh
Okawaru
Qazlal
Sif Muna
Uskayaw
Vehumet
Xom
Zin
The Shining One
Beogh
Jiyva

Shops:
D:9 (   Orc:2 ::?(

Annotations:
D:5 2 transporters
D:6 2 transporters, chriswess's ghost, novice DrEE
Lair:6 2 runed translucent doors


Innate Abilities, Weirdness & Mutations

Your experience applies equally to all skills.
You have very sharp teeth.
Your uncanny sense of smell can sniff out nearby items.
Armour fits poorly on your strangely shaped body.
You do not regenerate when monsters are visible.
Your spells are a little easier to cast, but a little less powerful.


Message History

You slash the deep elf knight!
You kill the deep elf knight!
You slash the +2 war axe of flaming!
The +2 war axe of flaming falls from the air.
You slash the +2 vampiric war axe! The +2 vampiric war axe hits you!
* * * LOW HITPOINT WARNING * * *
A +1 vampiric quick blade comes into view.
The deep elf knight gestures at you while chanting.
The shard of ice hits you!
* * * LOW HITPOINT WARNING * * *
You feel better.
The +2 vampiric war axe barely misses you.
A +0 war axe of freezing comes into view.
You are confused.
You feel invigorated.
The +2 vampiric war axe completely misses you.
The +2 vampiric war axe barely misses you.
The deep elf knight gestures at you while chanting.
The shard of ice hits you!!
You die...

#...........##. #.
................. ###.
.................. #...
.............(..... #...
..................# #...
..................# ###.
.......)).......... #.
.......e((.......... #.
.......@........... ##
.#...........#....#
##.........## ...## ###
##.......## ##...###..
#.........###.....#...
#...........#..........
...............)........
...............)........
#...##...##...##....#


You could see a deep elf knight (invisible) and 3 dancing weapons.

Vanquished Creatures
  A deep elf elementalist (Elf:2)
  2 deep elf annihilators
  A minotaur (Gauntlet)
  An ettin (Orc:2)
  2 ogre magi (Orc:2)
  Erolcha (D:9)
  6 hydras
  Harold (D:8)
  A death knight (D:12)
  4 two-headed ogres (D:12)
  13 dancing weapons (Elf:2)
  A shock serpent (shapeshifter) (Gauntlet)
  An orc high priest (Orc:2)
  Nergalle (Orc:2)
  9 deep elf knights
  4 deep elf archers
  An unseen horror (D:11)
  A lindwurm (Lair:6)
  3 orc knights
  31 deep elf magi
  3 oklob plants (Lair:5)
  A manticore (D:12)
  2 ugly things (IceCv)
  7 orc sorcerers (Orc:2)
  2 cyclopes
  3 ice statues (IceCv)
  Joseph (D:9)
  4 elephants (Lair:3)
  A merfolk siren (Lair:2)
  2 torpor snails
  8 black mambas
  3 molten gargoyles (Lair:6)
  A gargoyle (D:12)
  8 spiny frogs
  2 rime drakes
  10 komodo dragons
  4 trolls
  A hornet (D:10)
  2 meliai (Gauntlet)
  9 blink frogs
  7 dream sheep (Lair:4)
  8 hippogriffs
  A shadow (D:11)
  44 yaks
  5 wyverns
  An air elemental (Elf:2)
  A water elemental (Elf:2)
  Eustachio (D:5)
  A wraith (D:11)
  A human (D:7)
  A spectral komodo dragon (Gauntlet)
  5 basilisks (Lair:6)
  2 hungry ghosts
  4 hogs (D:7)
  4 swamp worms (Lair:5)
  3 wargs
  17 water moccasins
  25 orc warriors
  4 hell hounds (Lair:6)
  5 porcupines
  A sky beast (D:11)
  14 ice beasts
  2 black bears
  A necrophage (D:9)
  2 phantoms
  3 wolves (Lair:2)
  8 centaurs
  9 ogres
  10 crocodiles
  3 earth elementals
  13 bullfrogs
  A wyvern zombie (D:12)
  A wyvern skeleton (D:8)
  2 scorpions
  A water moccasin skeleton (D:10)
  15 killer bees
  3 wights (D:12)
  3 howler monkeys
  4 electric eels
  5 lava snakes (Lair:6)
  A crimson imp (D:11)
  A bullfrog zombie (D:12)
  5 jellies
  A quasit (D:7)
  A centaur zombie (D:10)
  28 orc priests
  Crazy Yiuf (D:4)
  8 hounds
  38 orc wizards
  3 iguanas
  Natasha (twice) (D:2)
  7 worker ants
  A hell rat (Lair:4)
  A killer bee zombie (D:10)
  2 worker ant zombies
  22 adders
  4 gnolls (D:4)
  A shadow imp (D:9)
  A howler monkey simulacrum (D:11)
  3 worker ant simulacra (D:11)
  2 ufetubi (D:11)
  An ooze (D:2)
  An adder skeleton (D:7)
  4 worms
  4 dart slugs
  6 leopard geckos
  93 orcs
  3 giant cockroaches
  10 hobgoblins
  12 jackals
  4 quokkas
  4 ball pythons
  12 bats
  4 frilled lizards
  14 goblins
  5 kobolds
  11 rats
  4 fungi (Lair:5)
  4 plants
729 creatures vanquished.

Vanquished Creatures (others)
  2 deep elf magi
  A white imp (D:11)
  An orc (Orc:2)
  9 plants
  7 toadstools (D:1)
20 creatures vanquished.

Grand Total: 749 creatures vanquished

Notes
Turn   | Place    | Note
-------+----------+-------------------------------------------
     0 | D:1      | FishyPogo the Gnoll Fighter began the quest for the Orb.
     0 | D:1      | Reached XP level 1. HP: 23/23 MP: 1/1
   152 | D:1      | Reached XP level 2. HP: 27/29 MP: 2/2
   295 | D:1      | Reached XP level 3. HP: 23/35 MP: 3/3
   327 | D:2      | Found a glowing golden altar of the Shining One.
   348 | D:2      | Became a worshipper of the Shining One
   352 | D:2      | Reached skill level 1 in Invocations
   572 | D:1      | Reached skill level 1 in Short Blades
   572 | D:1      | Reached skill level 1 in Axes
   572 | D:1      | Reached skill level 1 in Maces & Flails
   572 | D:1      | Reached skill level 1 in Polearms
   572 | D:1      | Reached skill level 1 in Staves
   572 | D:1      | Reached skill level 1 in Slings
   572 | D:1      | Reached skill level 1 in Bows
   572 | D:1      | Reached skill level 1 in Crossbows
   572 | D:1      | Reached skill level 1 in Throwing
   572 | D:1      | Reached skill level 1 in Dodging
   572 | D:1      | Reached skill level 1 in Stealth
   572 | D:1      | Reached skill level 1 in Unarmed Combat
   572 | D:1      | Reached skill level 1 in Spellcasting
   572 | D:1      | Reached skill level 1 in Evocations
   637 | D:1      | Reached XP level 4. HP: 41/41 MP: 5/5
  1117 | D:2      | Found an iron altar of Okawaru.
  1289 | D:2      | Reached skill level 1 in Conjurations
  1289 | D:2      | Reached skill level 1 in Hexes
  1289 | D:2      | Reached skill level 1 in Charms
  1289 | D:2      | Reached skill level 1 in Summonings
  1289 | D:2      | Reached skill level 1 in Necromancy
  1289 | D:2      | Reached skill level 1 in Translocations
  1289 | D:2      | Reached skill level 1 in Transmutations
  1289 | D:2      | Reached skill level 1 in Fire Magic
  1289 | D:2      | Reached skill level 1 in Ice Magic
  1289 | D:2      | Reached skill level 1 in Air Magic
  1289 | D:2      | Reached skill level 1 in Earth Magic
  1289 | D:2      | Reached skill level 1 in Poison Magic
  1352 | D:2      | Noticed Natasha
  1357 | D:2      | Killed Natasha
  1357 | D:2      | Reached XP level 5. HP: 38/47 MP: 6/6
  1433 | D:2      | Noticed Natasha
  1452 | D:2      | Killed Natasha
  1879 | D:3      | Reached * piety under the Shining One
  1899 | D:3      | You fall into a shaft and drop 3 floors!
  1921 | D:6      | Found a transporter.
  1924 | D:6      | Noticed an ogre
  1925 | D:6      | Noticed chriswess's ghost (novice DrEE)
  1926 | D:6      | Noticed an ogre
  1927 | D:6      | Noticed an ogre
  1940 | D:6      | HP: 2/47 [adder (4)]
  1957 | D:5      | Entered Level 5 of the Dungeon
  2165 | D:6      | Reached XP level 6. HP: 41/53 MP: 8/8
  2210 | D:5      | Found a blossoming altar of Fedhas.
  2229 | D:5      | Found a transporter.
  2252 | D:5      | Noticed an ice beast
  2264 | D:5      | Killed an ice beast
  2264 | D:5      | Reached skill level 5 in Long Blades
  2379 | D:3      | Reached XP level 7. HP: 59/59 MP: 10/10
  2860 | D:4      | Found a staircase to the Ecumenical Temple.
  2951 | D:4      | Learned a level 1 spell: Corona
  2995 | D:4      | Found a runed translucent door.
  2996 | D:4      | Noticed Crazy Yiuf
  3359 | D:4      | Found a glowing silver altar of Zin.
  3399 | D:4      | Killed Crazy Yiuf
  3522 | D:5      | Noticed Eustachio
  3539 | D:5      | Killed Eustachio
  3539 | D:5      | Reached ** piety under the Shining One
  3539 | D:5      | Reached XP level 8. HP: 43/67 MP: 12/12
  3574 | D:5      | Found a transporter.
  3590 | D:5      | Learned a level 2 spell: Passwall
  3727 | D:5      | Found a stormy altar of Qazlal.
  3933 | D:6      | HP: 2/67 [orc warrior/+0 battleaxe (24)]
  4233 | D:6      | Found a transporter.
  4281 | D:6      | Found a shimmering altar of Xom.
  4326 | D:6      | Found a sparkling altar of Nemelex Xobeh.
  4532 | D:6      | Found a hide-covered altar of Uskayaw.
  4661 | D:7      | Reached XP level 9. HP: 63/72 MP: 14/14
  5712 | D:7      | Noticed a komodo dragon
  5713 | D:7      | Found the +7 pair of quick blades "Gyre" and "Gimble"
                  | {protect}
  5722 | D:7      | Killed a komodo dragon
  5722 | D:7      | Reached skill level 5 in Invocations
  5748 | D:7      | Reached XP level 10. HP: 42/80 MP: 17/17
  5757 | D:7      | HP: 2/80 [ice beast (11)]
  6144 | D:8      | Reached skill level 5 in Short Blades
  6144 | D:8      | Reached skill level 5 in Axes
  6144 | D:8      | Reached skill level 5 in Maces & Flails
  6144 | D:8      | Reached skill level 5 in Polearms
  6144 | D:8      | Reached skill level 5 in Staves
  6144 | D:8      | Reached skill level 5 in Slings
  6144 | D:8      | Reached skill level 5 in Bows
  6144 | D:8      | Reached skill level 5 in Crossbows
  6144 | D:8      | Reached skill level 5 in Throwing
  6144 | D:8      | Reached skill level 5 in Dodging
  6144 | D:8      | Reached skill level 5 in Stealth
  6144 | D:8      | Reached skill level 5 in Unarmed Combat
  6144 | D:8      | Reached skill level 5 in Spellcasting
  6144 | D:8      | Reached skill level 5 in Evocations
  6212 | D:8      | Found a blossoming altar of Fedhas.
  6267 | D:8      | Noticed Harold
  6302 | D:8      | Killed Harold
  6632 | D:8      | Found a shimmering blue altar of Sif Muna.
  7148 | D:9      | Noticed Joseph
  7168 | D:9      | Killed Joseph
  7201 | D:9      | Reached XP level 11. HP: 39/87 MP: 19/19
  7324 | D:9      | Noticed Erolcha
  7340 | D:9      | Killed Erolcha
  7617 | D:9      | Found Mucer's Antique Weapon Shop.
  7631 | D:9      | Bought a brightly glowing war axe for 187 gold pieces
  7631 | D:9      | Identified the +11 war axe "Longawoy" {chop, rF- Str+2
                  | SInv} (You bought it in a shop on level 9 of the Dungeon)
  7843 | D:10     | Entered Level 10 of the Dungeon
  7858 | D:10     | Reached *** piety under the Shining One
  7865 | D:10     | Reached skill level 5 in Conjurations
  7865 | D:10     | Reached skill level 5 in Hexes
  7865 | D:10     | Reached skill level 5 in Charms
  7865 | D:10     | Reached skill level 5 in Summonings
  7865 | D:10     | Reached skill level 5 in Necromancy
  7865 | D:10     | Reached skill level 5 in Translocations
  7865 | D:10     | Reached skill level 5 in Transmutations
  7865 | D:10     | Reached skill level 5 in Fire Magic
  7865 | D:10     | Reached skill level 5 in Ice Magic
  7865 | D:10     | Reached skill level 5 in Air Magic
  7865 | D:10     | Reached skill level 5 in Earth Magic
  7865 | D:10     | Reached skill level 5 in Poison Magic
  8285 | D:10     | Identified a scroll of acquirement
  8286 | D:10     | Got a pair of transparent gloves
  8291 | D:10     | Identified the +5 pair of gloves of the Hanged Man
                  | {*Corrode rElec MR+} (You acquired it on level 10 of the
                  | Dungeon)
  8592 | D:11     | Noticed an unseen horror
  8598 | D:11     | Killed an unseen horror
  8682 | D:11     | Found a frozen archway.
  8689 | IceCv    | Entered an ice cave
  8714 | IceCv    | Noticed a white ugly thing
  8714 | IceCv    | Reached **** piety under the Shining One
  8721 | IceCv    | Killed a white ugly thing
  8743 | IceCv    | Reached XP level 12. HP: 85/95 MP: 22/22
  9757 | IceCv    | Got a translucent halberd
  9763 | IceCv    | Got distressingly furry ice dragon scales
  9769 | IceCv    | Got a bloodstained mace
  9770 | IceCv    | Identified the +5 mace of Useth {vamp, Int+4} (You found it
                  | in an ice cave)
  9779 | IceCv    | Identified the +6 halberd of Disarray {speed, *Rage rPois
                  | rC++} (You found it in an ice cave)
  9790 | IceCv    | Identified the +6 ice dragon scales "Qaurgh" {*Contam rF-
                  | rC++ rCorr Dex+4 Stlth+} (You found it in an ice cave)
  9895 | D:11     | Noticed a five-headed hydra
  9907 | D:11     | Killed a one-headed hydra
 10015 | D:11     | Found a staircase to the Lair.
 10302 | D:12     | Noticed a two-headed ogre
 10315 | D:12     | Killed a two-headed ogre
 10425 | D:12     | Got a dazzling leather armour
 10456 | D:12     | Noticed a death knight
 10482 | D:12     | Killed a death knight
 10534 | D:12     | Noticed a two-headed ogre
 10540 | D:12     | Killed a two-headed ogre
 10552 | D:12     | Noticed a two-headed ogre
 10560 | D:12     | Killed a two-headed ogre
 10560 | D:12     | Reached skill level 10 in Fighting
 10560 | D:12     | Reached skill level 10 in Armour
 10560 | D:12     | Reached skill level 10 in Shields
 10630 | D:12     | Reached ***** piety under the Shining One
 10630 | D:12     | Noticed a four-headed hydra
 10649 | D:12     | Noticed a two-headed ogre
 10661 | D:12     | Killed a one-headed hydra
 10665 | D:12     | Killed a two-headed ogre
 10720 | D:12     | Identified the +3 leather armour of the Unseen Realm {rElec
                  | rC- Str+9 Int+5} (You found it on level 12 of the Dungeon)
 10762 | D:12     | Gained mutation: Your spells are a little easier to cast,
                  | but a little less powerful. [mutagenic glow]
 10814 | D:12     | Found a staircase to the Orcish Mines.
 10825 | D:12     | Reached XP level 13. HP: 102/102 MP: 24/24
 10933 | Lair:1   | Entered Level 1 of the Lair of Beasts
 11768 | Lair:2   | Found a staircase to the Shoals.
 12409 | Lair:3   | Found a staircase to the Snake Pit.
 13101 | Lair:4   | Found a gate leading to a gauntlet.
 13135 | Gauntlet | Entered a Gauntlet
 13135 | Gauntlet | Found a transporter.
 13142 | Gauntlet | Found a transporter.
 13144 | Gauntlet | Found a transporter.
 13155 | Gauntlet | Found a transporter.
 13156 | Gauntlet | Found a transporter.
 13161 | Gauntlet | Noticed a dire elephant
 13166 | Gauntlet | Found a transporter.
 13182 | Gauntlet | Found a transporter.
 13190 | Gauntlet | Found a runed translucent door.
 13193 | Gauntlet | Found a transporter.
 13199 | Gauntlet | Noticed a death ooze
 13202 | Gauntlet | Found a transporter.
 13217 | Gauntlet | Found a transporter.
 13231 | Gauntlet | Found a transporter.
 13233 | Gauntlet | Found a transporter.
 13273 | Gauntlet | Found a transporter.
 13287 | Gauntlet | Found a transporter.
 13293 | Gauntlet | Noticed an ettin
 13304 | Gauntlet | Noticed a fire dragon
 13308 | Gauntlet | a fire dragon changed into a tyrant leech
 13438 | Gauntlet | Noticed a stone giant
 13444 | Gauntlet | a stone giant changed into an iron troll
 13490 | Gauntlet | Noticed a storm dragon
 13504 | Gauntlet | Noticed an entropy weaver
 13504 | Gauntlet | a storm dragon changed into an entropy weaver
 13595 | Gauntlet | Noticed a fire dragon
 13595 | Gauntlet | an entropy weaver changed into a fire dragon
 13600 | Gauntlet | Noticed a spark wasp
 13600 | Gauntlet | a fire dragon changed into a spark wasp
 13607 | Gauntlet | a spark wasp changed into a wolf spider
 13669 | Gauntlet | Identified the amulet of Liberty {+Rage Int+6}
 13669 | Gauntlet | Noticed a minotaur
 13697 | Gauntlet | Killed a minotaur
 13832 | Lair:4   | Found a shadowy altar of Dithmenos.
 14048 | Lair:4   | Reached XP level 14. HP: 79/111 MP: 26/26
 14797 | Lair:5   | Reached skill level 10 in Long Blades
 15266 | Lair:5   | Found the +5 demon whip "Spellbinder" {antimagic, MR+}
 15595 | Lair:6   | Entered Level 6 of the Lair of Beasts
 15645 | Lair:6   | Found a viscous altar of Jiyva.
 15646 | Lair:6   | Found a staircase to the Slime Pits.
 15699 | Lair:6   | Reached ****** piety under the Shining One
 15730 | Lair:6   | Found a large runed translucent door.
 15731 | Lair:6   | Found a large runed translucent door.
 15770 | Lair:6   | Gained mutation: You do not regenerate when monsters are
                  | visible. [mutagenic glow]
 15967 | Lair:6   | Reached skill level 10 in Invocations
 16934 | Orc:1    | Entered Level 1 of the Orcish Mines
 17344 | Orc:2    | Entered Level 2 of the Orcish Mines
 17460 | Orc:2    | Found a staircase to the Elven Halls.
 18366 | Orc:2    | Reached XP level 15. HP: 117/119 MP: 28/28
 18375 | Orc:2    | Found Okkiesof's Book Shop.
 18407 | Orc:2    | Found Tamminor's Antique Weapon Boutique.
 18471 | Orc:2    | Found an ancient bone altar of Kikubaaqudgha.
 18472 | Orc:2    | Noticed Nergalle
 18510 | Orc:2    | Killed Nergalle
 18538 | Orc:2    | Found a roughly hewn altar of Beogh.
 18547 | Orc:2    | Found a radiant altar of Vehumet.
 18581 | Orc:2    | Found Sadul's Book Boutique.
 18650 | Orc:2    | Found Kurinwin's Magic Scroll Boutique.
 18985 | Orc:2    | Bought a scorched broad axe for 252 gold pieces
 18985 | Orc:2    | Identified the cursed +1 broad axe of Sharkskin {protect,
                  | rF++ Str+3} (You bought it in a shop on level 2 of the
                  | Orcish Mines)
 19058 | Elf:1    | Entered Level 1 of the Elven Halls
 19236 | Elf:1    | Identified Dispater's Guide on Damage Dealing
 19242 | Elf:1    | Learned a level 3 spell: Mephitic Cloud
 19248 | Elf:1    | Learned a level 5 spell: Lee's Rapid Deconstruction
 19489 | Elf:1    | Learned a level 3 spell: Tukima's Dance
 19977 | Elf:2    | Noticed a deep elf elementalist
 19988 | Elf:2    | Killed a deep elf elementalist
 20029 | Elf:2    | Reached skill level 10 in Short Blades
 20029 | Elf:2    | Reached skill level 10 in Axes
 20029 | Elf:2    | Reached skill level 10 in Maces & Flails
 20029 | Elf:2    | Reached skill level 10 in Polearms
 20029 | Elf:2    | Reached skill level 10 in Staves
 20029 | Elf:2    | Reached skill level 10 in Slings
 20029 | Elf:2    | Reached skill level 10 in Bows
 20029 | Elf:2    | Reached skill level 10 in Crossbows
 20029 | Elf:2    | Reached skill level 10 in Throwing
 20029 | Elf:2    | Reached skill level 10 in Dodging
 20029 | Elf:2    | Reached skill level 10 in Stealth
 20029 | Elf:2    | Reached skill level 10 in Unarmed Combat
 20029 | Elf:2    | Reached skill level 10 in Spellcasting
 20029 | Elf:2    | Reached skill level 10 in Evocations
 20332 | Elf:2    | Found a huge runed translucent gate.
 20332 | Elf:2    | Found a huge runed translucent gate.
 20332 | Elf:2    | Found a huge runed translucent gate.
 20332 | Elf:2    | Found a huge runed translucent gate.
 20338 | Elf:2    | Found a huge runed translucent gate.
 20737 | Elf:2    | Reached XP level 16. HP: 48/127 MP: 30/30
 20762 | Elf:2    | Gained mutation: Armour fits poorly on your strangely
                  | shaped body. [mutagenic glow]
 21027 | Elf:2    | HP: 5/127 [deep elf knight/shard of ice (13)]
 21029 | Elf:2    | Killed from afar by a deep elf knight

Levels and vault maps discovered:
D:1:      nagdon_arrival_double_spiral, layout_basic
D:2:      layout_rooms, okawaru_gym_becter, nicolae_overflow_crystal_walls,
          first_ration, uniq_natasha
D:3:      layout_loops_ring
D:4:      layout_loops_ring, zin_treasury, minmay_temple_entry_steel_oval,
          uniq_crazy_yiuf_cottage
D:5:      gammafunk_cloud_chamber, layout_rooms,
          grunt_temple_overflow_forces_of_nature, uniq_eustachio
D:6:      layout_rooms, gammafunk_temple_overflow_pools, nemelex_altar_shiori,
          gammafunk_ghost_smash
D:7:      minmay_the_grid_triangle_9x9_rhombus_thin
          [minmay_the_grid_triangle_9x9_odd_lines,
          minmay_the_grid_triangle_9x9_prize_insulated,
          minmay_the_grid_triangle_9x9_checkered,
          minmay_the_grid_triangle_9x9_windchime], layout_gridville,
          serial_rivers, chequers_serial_rivers_marsh,
          chequers_serial_rivers_large_a, chequers_serial_rivers_micro_c,
          chequers_serial_rivers_small_3, chequers_serial_rivers_small_a,
          chequers_serial_rivers_small_a, grunt_livestock
D:8:      layout_layer_cave, lemuel_round_altar, minmay_fountain_box,
          lemuel_altar_in_water, uniq_harold
D:9:      layout_cave_pools, serial_shops, nicolae_shop_waterfront,
          uniq_erolcha, uniq_joseph
D:10:     layout_irregular_city
D:11:     layout_cave_pools, david_lair_shrubbed, serial_ice, serial_ice_e,
          serial_ice_k, serial_ice_m, serial_ice_g, serial_ice_c, serial_ice_d,
          portal_ice_cave_entry_pillars_2
D:12:     layout_basic, david_orc_2
Lair:1:   layout_small_grid
Lair:2:   layout_regular_city, minmay_shoals_entry_lonely_mermaid
Lair:3:   layout_regular_city, minmay_snake_entry_six_corridors,
          chequers_serial_rivers_micro_c, grunt_megastairs_2
Lair:4:   layout_cave_pods, basic_altar, gauntlet_entry_generic, minivault_19,
          patterned_corridor, grunt_megastairs_5, lemuel_fruit_fields
Lair:5:   layout_roguey, worms_lemuel, serial_bayou_shore_a,
          minmay_lair_oklob_chamber, infiniplex_staircase_pool
Lair:6:   cheibrodos_lair_end_hotspot, layout_loops_ring, slime_altar_1,
          serial_bayou_shore_b
Orc:1:    layout_caves
Orc:2:    kennysheep_orc_mage_school, layout_diamond_mine
Elf:1:    layout_loops_cross, minmay_elf_annihilation
Elf:2:    layout_geoelf_grid

Skill      XL: |  1  2  3  4  5  6  7  8  9 10 11 12 13 14 15 |
---------------+----------------------------------------------+-----
Invocations    | 1 2 3 4 5 6 7 8 9 10 11 | 11.2
Short Blades   | 1 2 3 4 5 6 7 8 9 10 | 10.4
Axes           | 1 2 3 4 5 6 7 8 9 10 | 10.4
Maces & Flails | 1 2 3 4 5 6 7 8 9 10 | 10.4
Polearms       | 1 2 3 4 5 6 7 8 9 10 | 10.4
Staves         | 1 2 3 4 5 6 7 8 9 10 | 10.4
Slings         | 1 2 3 4 5 6 7 8 9 10 | 10.4
Bows           | 1 2 3 4 5 6 7 8 9 10 | 10.4
Crossbows      | 1 2 3 4 5 6 7 8 9 10 | 10.4
Throwing       | 1 2 3 4 5 6 7 8 9 10 | 10.4
Dodging        | 1 2 3 4 5 6 7 8 9 10 | 10.4
Stealth        | 1 2 3 4 5 6 7 8 9 10 | 10.4
Unarmed Combat | 1 2 3 4 5 6 7 8 9 10 | 10.4
Spellcasting   | 1 2 3 4 5 6 7 8 9 10 | 10.4
Evocations     | 1 2 3 4 5 6 7 8 9 10 | 10.4
Conjurations   | 1 2 3 4 5 6 7 8 |  8.8
Hexes          | 1 2 3 4 5 6 7 8 |  8.8
Charms         | 1 2 3 4 5 6 7 8 |  8.8
Summonings     | 1 2 3 4 5 6 7 8 |  8.8
Necromancy     | 1 2 3 4 5 6 7 8 |  8.8
Translocations | 1 2 3 4 5 6 7 8 |  8.8
Transmutations | 1 2 3 4 5 6 7 8 |  8.8
Fire Magic     | 1 2 3 4 5 6 7 8 |  8.8
Ice Magic      | 1 2 3 4 5 6 7 8 |  8.8
Air Magic      | 1 2 3 4 5 6 7 8 |  8.8
Earth Magic    | 1 2 3 4 5 6 7 8 |  8.8
Poison Magic   | 1 2 3 4 5 6 7 8 |  8.8
Long Blades    | 5 6 7 8 9 10 11 | 11.3
Fighting       | 7 8 9 10 11 12 | 12.1
Armour         | 7 8 9 10 11 12 | 12.1
Shields        | 7 8 9 10 11 12 | 12.1

Action                   |  1- 3 |  4- 6 |  7- 9 | 10-12 | 13-15 | 16-18 || total
-------------------------+-------+-------+-------+-------+-------+-------++-------
Melee: Long sword        |    58 |       |       |       |       |       ||    58
       Bite              |     9 |    20 |    58 |    86 |   130 |     4 ||   307
       Dagger            |    38 |   177 |       |       |       |       ||   215
       Falchion          |       |    38 |   346 |   176 |       |       ||   560
       Hand axe          |       |       |       |    57 |    22 |       ||    79
       War axe           |       |       |       |   265 |   851 |    29 ||  1145
       Halberd           |       |       |       |     4 |       |       ||     4
       Broad axe         |       |       |       |       |    23 |     2 ||    25
Throw: Stone             |     3 |       |       |       |       |       ||     3
       Dart              |       |     3 |     8 |     4 |       |       ||    15
       Boomerang         |       |       |       |     9 |    39 |       ||    48
       Throwing net      |       |       |       |       |     5 |       ||     5
 Cast: Corona            |       |       |     1 |       |       |       ||     1
       Mephitic Cloud    |       |       |       |       |    11 |       ||    11
       Lee's Rapid Decon |       |       |       |       |     3 |       ||     3
       Tukima's Dance    |       |       |       |       |     1 |       ||     1
Invok: Divine Shield     |       |       |     1 |     1 |       |       ||     2
  Use: Scroll            |       |     6 |     8 |    15 |     9 |       ||    38
       Potion            |       |     2 |     4 |     1 |     6 |     2 ||    15
  Eat: Chunk             |       |     5 |    12 |    14 |    31 |     1 ||    63
       Ration            |       |       |       |     1 |     1 |       ||     2
Armor: Scale mail        |    57 |    52 |    33 |    12 |       |       ||   154
       Leather armour    |       |       |    43 |       |       |       ||    43
       Skin              |       |       |     5 |       |       |       ||     5
       Chain mail        |       |       |       |    98 |    19 |    11 ||   128
       Ice dragon scales |       |       |       |    34 |   229 |       ||   263
Dodge: Dodged            |    33 |    55 |    97 |   149 |   262 |    10 ||   606
Block: Shield            |    67 |   106 |   192 |   489 |   799 |    21 ||  1674
       Reflection        |       |       |       |    13 |    39 |     5 ||    57
       Rpst.: Long sword |     6 |       |       |       |       |       ||     6
       Falchion          |       |     5 |    30 |     9 |       |       ||    44
